[ AOE2 MATCH · #477043380 ]
UnrankedFranks vs Persians
[ REPLAY ANALYSIS · EXTRACTED FROM THE RECORDED GAME ]
Feudal
19:53
Castle
25:03
Imperial
39:53
| APM avg | 26.0 |
| APM peak | 72 |
| eAPM avg | 19.7 |
| Villagers / military | 162 / 81 |
Focus
⚔️ 33.9% · 🌾 66.1%
Knight ×49 · Monk ×30 · Trade Cart ×27 · Bombard Cannon ×2
Feudal
13:01
Castle
16:33
Imperial
29:02
| APM avg | 41.2 |
| APM peak | 110 |
| eAPM avg | 23.6 |
| Villagers / military | 156 / 133 |
Focus
⚔️ 29.2% · 🌾 70.8%
War Elephant ×120 · Trade Cart ×28 · Battering Ram ×6 · Mangonel ×4 · Monk ×2 · Trebuchet (Packed) ×1
Feudal
12:44
Castle
18:28
Imperial
35:30
| APM avg | 28.0 |
| APM peak | 71 |
| eAPM avg | 19.6 |
| Villagers / military | 115 / 167 |
Focus
⚔️ 30.0% · 🌾 70.0%
Hand Cannoneer ×118 · Leitis ×19 · Skirmisher ×10 · Trade Cart ×8 · Petard ×7 · Battering Ram ×7
Feudal
12:43
Castle
16:13
Imperial
30:35
| APM avg | 43.7 |
| APM peak | 104 |
| eAPM avg | 27.9 |
| Villagers / military | 150 / 365 |
Focus
⚔️ 27.9% · 🌾 72.1%
Spearman ×304 · Battering Ram ×22 · Militia ×20 · Mangonel ×18 · Monk ×1
Feudal
11:45
Castle
16:35
Imperial
33:12
| APM avg | 57.4 |
| APM peak | 107 |
| eAPM avg | 40.0 |
| Villagers / military | 120 / 56 |
Focus
⚔️ 12.7% · 🌾 87.3%
Bombard Cannon ×25 · Organ Gun ×19 · Scorpion ×4 · Battering Ram ×3 · Mangonel ×2 · Spearman ×2
Feudal
13:13
Castle
17:31
Imperial
32:54
| APM avg | 30.5 |
| APM peak | 61 |
| eAPM avg | 19.6 |
| Villagers / military | 154 / 185 |
Focus
⚔️ 33.6% · 🌾 66.4%
Hand Cannoneer ×97 · Spearman ×62 · Trade Cart ×60 · Bombard Cannon ×20 · Hussite Wagon ×3 · Mangonel ×2
Feudal
11:42
Castle
15:12
Imperial
28:07
| APM avg | 52.1 |
| APM peak | 129 |
| eAPM avg | 28.9 |
| Villagers / military | 153 / 237 |
Focus
⚔️ 43.2% · 🌾 56.8%
Knight ×153 · Hand Cannoneer ×66 · Trade Cart ×64 · Skirmisher ×10 · Bombard Cannon ×7 · Monk ×1
Feudal
13:10
Castle
19:58
Imperial
—
| APM avg | 20.7 |
| APM peak | 49 |
| eAPM avg | 15.3 |
| Villagers / military | 222 / 63 |
Focus
⚔️ 24.3% · 🌾 75.7%
Konnik ×44 · Petard ×14 · Mangonel ×3 · Spearman ×2
Match map
Initial resources + every placement click. Lines = walls · curves = elevation contours. ◆ gold · ⬟ stone · ● berries · ✦ relic · ◌ wall gap
Your base· ✓ Closed at 25:03 · 1t walls · no gate
小肥羊's base· ✓ Closed at 16:33 · 0t walls · no gate
Chris Becker's base· ✓ Closed at 18:28 · 35t walls · no gate
Teddy's base· ✓ Closed at 16:13 · 12t walls · 2 gate(s)
330609350's base· ✓ Closed at 16:35 · 4t walls · 1 gate(s)
Wolliwup's base· ✓ Closed at 17:31 · 26t walls · 1 gate(s)
pray4u's base· ✓ Closed at 15:12 · 0t walls · no gate
monster's base· ✓ Closed at 19:58 · 31t walls · no gate
Smoothed initial terrain · ◌ = detected wall gap · hover for details
Inputs per minute
— roggan - - 小肥羊
Build order — roggan
First 150 of 465 actions detected
| 0:01 | Research | Loom |
| 0:13 | Build | Lumber Camp |
| 0:39 | Create | Villager (Male) |
| 0:39 | Create | Villager (Male) |
| 5:22 | Build | Town Center |
| 7:00 | Create | Villager (Male) |
| 7:00 | Create | Villager (Male) |
| 7:00 | Create | Villager (Male) |
| 7:01 | Create | Villager (Male) |
| 7:01 | Create | Villager (Male) |
| 7:37 | Build | House |
| 7:59 | Build | House |
| 8:48 | Build | House |
| 9:16 | Build | Palisade Wall |
| 10:00 | Create | Villager (Male) |
| 10:01 | Create | Villager (Male) |
| 10:27 | Create | Villager (Male) |
| 10:37 | Create | Villager (Male) |
| 10:37 | Create | Villager (Male) |
| 10:57 | Create | Villager (Male) |
| 11:07 | Create | Villager (Male) |
| 11:07 | Create | Villager (Male) |
| 11:31 | Create | Villager (Male) |
| 11:31 | Create | Villager (Male) |
| 11:54 | Create | Villager (Male) |
| 11:54 | Create | Villager (Male) |
| 11:54 | Create | Villager (Male) |
| 12:21 | Build | Mill |
| 12:45 | Create | Villager (Male) |
| 12:46 | Create | Villager (Male) |
| 12:46 | Create | Villager (Male) |
| 13:49 | Create | Villager (Male) |
| 13:52 | Build | House |
| 14:22 | Create | Villager (Male) |
| 14:26 | Build | House |
| 14:27 | Build | House |
| 15:05 | Create | Villager (Male) |
| 15:06 | Create | Villager (Male) |
| 15:06 | Create | Villager (Male) |
| 15:07 | Create | Villager (Male) |
| 15:58 | Create | Villager (Male) |
| 16:29 | Build | Mining Camp |
| 16:39 | Build | House |
| 16:40 | Build | House |
| 16:41 | Build | House |
| 17:03 | Create | Villager (Male) |
| 17:43 | Research | Feudal Age |
| 17:43 | Research | Feudal Age |
| 17:49 | Build | House |
| 17:50 | Build | House |
| 18:27 | Build | Farm |
| 18:30 | Build | Farm |
| 18:30 | Build | Farm |
| 18:31 | Build | Farm |
| 19:09 | Build | House |
| 19:11 | Build | House |
| 19:12 | Build | House |
| 19:23 | Create | Villager (Male) |
| 19:23 | Create | Villager (Male) |
| 19:30 | Build | Farm |
| 19:31 | Build | Farm |
| 19:33 | Build | Farm |
| 19:35 | Build | Farm |
| 19:53 | Age | Feudal Age |
| 19:56 | Build | Blacksmith |
| 20:05 | Build | Market |
| 20:24 | Create | Villager (Male) |
| 20:33 | Build | Farm |
| 20:52 | Create | Villager (Male) |
| 21:10 | Create | Villager (Male) |
| 21:41 | Build | House |
| 21:42 | Build | House |
| 22:23 | Research | Castle Age |
| 22:57 | Create | Trade Cart |
| 23:09 | Build | Mill |
| 23:22 | Research | Double-Bit Axe |
| 23:22 | Research | Double-Bit Axe |
| 23:31 | Create | Trade Cart |
| 23:38 | Research | Gold Mining |
| 23:38 | Research | Gold Mining |
| 24:47 | Create | Villager (Male) |
| 24:47 | Create | Villager (Male) |
| 25:03 | Age | Castle Age |
| 25:10 | Build | Town Center |
| 25:16 | Create | Villager (Male) |
| 25:21 | Research | Bow Saw |
| 25:22 | Research | Bow Saw |
| 26:00 | Create | Villager (Male) |
| 26:23 | Create | Villager (Male) |
| 26:25 | Create | Villager (Male) |
| 26:26 | Create | Villager (Male) |
| 26:29 | Create | Villager (Male) |
| 26:36 | Build | Town Center |
| 26:49 | Build | Farm |
| 26:53 | Create | Villager (Male) |
| 26:55 | Build | Farm |
| 27:16 | Create | Villager (Male) |
| 27:26 | Create | Villager (Male) |
| 27:30 | Build | Farm |
| 27:31 | Build | Farm |
| 27:32 | Create | Villager (Male) |
| 27:51 | Create | Villager (Male) |
| 27:52 | Create | Villager (Male) |
| 27:54 | Research | Wheelbarrow |
| 27:56 | Build | Farm |
| 27:56 | Build | Farm |
| 28:00 | Create | Villager (Male) |
| 28:03 | Create | Villager (Male) |
| 28:18 | Create | Villager (Male) |
| 28:27 | Build | Farm |
| 28:29 | Build | Farm |
| 28:31 | Create | Villager (Male) |
| 28:33 | Build | Farm |
| 28:44 | Create | Villager (Male) |
| 28:48 | Research | Caravan |
| 29:13 | Create | Villager (Male) |
| 29:28 | Create | Villager (Male) |
| 29:29 | Create | Villager (Male) |
| 29:30 | Create | Villager (Male) |
| 29:31 | Create | Villager (Male) |
| 29:31 | Create | Villager (Male) |
| 29:39 | Build | Farm |
| 29:40 | Build | Farm |
| 29:46 | Build | Farm |
| 29:49 | Build | Farm |
| 29:52 | Create | Villager (Male) |
| 29:53 | Create | Villager (Male) |
| 29:53 | Create | Villager (Male) |
| 29:55 | Create | Villager (Male) |
| 29:55 | Create | Villager (Male) |
| 30:09 | Create | Villager (Male) |
| 30:09 | Create | Trade Cart |
| 30:09 | Create | Trade Cart |
| 30:12 | Create | Trade Cart |
| 30:14 | Create | Trade Cart |
| 30:24 | Create | Villager (Male) |
| 30:24 | Create | Villager (Male) |
| 30:25 | Create | Villager (Male) |
| 30:29 | Build | House |
| 30:30 | Build | House |
| 30:32 | Build | Farm |
| 30:44 | Create | Villager (Male) |
| 30:53 | Build | Town Center |
| 30:57 | Create | Villager (Male) |
| 31:03 | Build | House |
| 31:04 | Build | House |
| 31:05 | Build | House |
| 31:10 | Build | Farm |
| 31:15 | Build | Farm |
| 31:17 | Build | Farm |
Build order — 小肥羊
First 150 of 509 actions detected
| 0:04 | Create | Villager (Male) |
| 0:05 | Create | Villager (Male) |
| 0:05 | Create | Villager (Male) |
| 0:05 | Create | Villager (Male) |
| 0:08 | Build | House |
| 0:10 | Build | House |
| 0:11 | Create | Villager (Male) |
| 0:11 | Create | Villager (Male) |
| 0:11 | Create | Villager (Male) |
| 1:33 | Create | Villager (Male) |
| 1:33 | Create | Villager (Male) |
| 2:02 | Build | Lumber Camp |
| 2:09 | Create | Villager (Male) |
| 2:09 | Create | Villager (Male) |
| 2:25 | Create | Villager (Male) |
| 2:26 | Create | Villager (Male) |
| 2:54 | Create | Villager (Male) |
| 2:54 | Create | Villager (Male) |
| 3:08 | Create | Villager (Male) |
| 3:09 | Create | Villager (Male) |
| 3:31 | Build | House |
| 3:39 | Create | Villager (Male) |
| 3:40 | Create | Villager (Male) |
| 3:53 | Create | Villager (Male) |
| 3:53 | Create | Villager (Male) |
| 4:34 | Create | Villager (Male) |
| 4:34 | Create | Villager (Male) |
| 5:17 | Create | Villager (Male) |
| 5:17 | Create | Villager (Male) |
| 5:17 | Create | Villager (Male) |
| 5:17 | Create | Villager (Male) |
| 5:21 | Build | Mill |
| 6:09 | Create | Villager (Male) |
| 6:09 | Create | Villager (Male) |
| 6:34 | Build | House |
| 7:05 | Create | Villager (Male) |
| 7:06 | Create | Villager (Male) |
| 7:14 | Build | House |
| 7:20 | Create | Villager (Male) |
| 7:20 | Create | Villager (Male) |
| 7:32 | Build | Mining Camp |
| 8:58 | Create | Villager (Male) |
| 8:58 | Create | Villager (Male) |
| 9:01 | Build | Farm |
| 9:02 | Build | Farm |
| 9:17 | Create | Villager (Male) |
| 9:17 | Create | Villager (Male) |
| 10:01 | Create | Villager (Male) |
| 10:46 | Research | Feudal Age |
| 13:00 | Create | Villager (Male) |
| 13:01 | Age | Feudal Age |
| 13:05 | Build | Market |
| 13:20 | Build | Blacksmith |
| 13:25 | Create | Villager (Male) |
| 13:30 | Build | House |
| 13:36 | Research | Double-Bit Axe |
| 13:44 | Research | Horse Collar |
| 13:50 | Build | Lumber Camp |
| 14:08 | Research | Castle Age |
| 14:08 | Research | Castle Age |
| 16:33 | Age | Castle Age |
| 16:34 | Research | Heavy Plow |
| 16:35 | Research | Heavy Plow |
| 16:40 | Build | Town Center |
| 16:42 | Create | Villager (Male) |
| 16:47 | Build | Town Center |
| 17:00 | Build | Monastery |
| 17:06 | Create | Villager (Male) |
| 17:07 | Create | Villager (Male) |
| 17:10 | Build | Farm |
| 17:14 | Build | Farm |
| 17:28 | Build | Farm |
| 17:30 | Build | Farm |
| 17:33 | Create | Villager (Male) |
| 17:34 | Create | Villager (Male) |
| 17:37 | Build | Farm |
| 17:48 | Create | Villager (Male) |
| 17:52 | Create | Monk |
| 17:54 | Build | Farm |
| 17:58 | Build | Farm |
| 17:58 | Build | Farm |
| 17:58 | Build | Farm |
| 17:58 | Build | Farm |
| 17:59 | Build | Farm |
| 18:04 | Create | Villager (Male) |
| 18:04 | Create | Villager (Male) |
| 18:12 | Build | Farm |
| 18:29 | Create | Villager (Male) |
| 18:31 | Build | Farm |
| 18:34 | Create | Villager (Male) |
| 18:41 | Build | Farm |
| 18:42 | Create | Villager (Male) |
| 18:43 | Create | Villager (Male) |
| 18:43 | Create | Villager (Male) |
| 18:45 | Build | Farm |
| 18:45 | Build | Farm |
| 18:45 | Build | Farm |
| 18:46 | Build | Farm |
| 18:46 | Build | Farm |
| 18:54 | Build | Farm |
| 18:56 | Create | Villager (Male) |
| 19:03 | Build | Farm |
| 19:05 | Build | House |
| 19:18 | Create | Villager (Male) |
| 19:20 | Build | Farm |
| 19:23 | Create | Villager (Male) |
| 19:26 | Create | Villager (Male) |
| 19:39 | Build | House |
| 19:41 | Create | Villager (Male) |
| 19:43 | Build | Farm |
| 19:45 | Build | House |
| 19:48 | Build | Farm |
| 19:54 | Build | Farm |
| 19:59 | Create | Villager (Male) |
| 19:59 | Create | Villager (Male) |
| 20:01 | Create | Villager (Male) |
| 20:07 | Build | House |
| 20:10 | Create | Villager (Male) |
| 20:12 | Build | Farm |
| 20:14 | Build | Farm |
| 20:18 | Create | Villager (Male) |
| 20:45 | Create | Villager (Male) |
| 20:48 | Build | Farm |
| 20:53 | Create | Villager (Male) |
| 20:53 | Create | Villager (Male) |
| 21:12 | Build | Town Center |
| 21:17 | Create | Villager (Male) |
| 21:21 | Build | Farm |
| 21:24 | Create | Villager (Male) |
| 21:26 | Create | Villager (Male) |
| 21:27 | Create | Villager (Male) |
| 21:27 | Create | Villager (Male) |
| 21:38 | Build | Lumber Camp |
| 21:41 | Create | Villager (Male) |
| 21:59 | Create | Villager (Male) |
| 22:00 | Create | Villager (Male) |
| 22:00 | Create | Villager (Male) |
| 22:03 | Build | Farm |
| 22:04 | Build | Farm |
| 22:09 | Build | Farm |
| 22:11 | Build | Farm |
| 22:18 | Build | House |
| 22:25 | Build | House |
| 22:28 | Research | Wheelbarrow |
| 22:28 | Research | Wheelbarrow |
| 22:29 | Create | Villager (Male) |
| 22:36 | Research | Bow Saw |
| 22:42 | Create | Villager (Male) |
| 22:42 | Create | Villager (Male) |
| 22:43 | Create | Villager (Male) |
Build order — Chris Becker
First 150 of 429 actions detected
| 0:02 | Create | Villager (Male) |
| 0:02 | Create | Villager (Male) |
| 0:02 | Create | Villager (Male) |
| 0:02 | Create | Villager (Male) |
| 0:03 | Create | Villager (Male) |
| 0:04 | Build | House |
| 0:06 | Build | House |
| 0:07 | Create | Villager (Male) |
| 0:39 | Build | Palisade Wall |
| 0:45 | Research | Loom |
| 0:45 | Create | Villager (Male) |
| 0:45 | Create | Villager (Male) |
| 0:46 | Create | Villager (Male) |
| 0:46 | Create | Villager (Male) |
| 2:32 | Create | Villager (Male) |
| 3:00 | Create | Villager (Male) |
| 3:02 | Build | House |
| 3:24 | Create | Villager (Male) |
| 3:51 | Create | Villager (Male) |
| 4:13 | Build | Palisade Wall |
| 4:23 | Create | Villager (Male) |
| 4:23 | Create | Villager (Male) |
| 5:02 | Build | House |
| 5:06 | Create | Villager (Male) |
| 5:24 | Create | Villager (Male) |
| 6:05 | Build | Palisade Wall |
| 6:14 | Create | Villager (Male) |
| 6:14 | Create | Villager (Male) |
| 6:29 | Create | Villager (Male) |
| 6:55 | Create | Villager (Male) |
| 7:06 | Create | Villager (Male) |
| 7:17 | Build | Lumber Camp |
| 7:45 | Create | Villager (Male) |
| 7:50 | Build | House |
| 8:03 | Build | House |
| 8:36 | Create | Villager (Male) |
| 8:52 | Build | Palisade Wall |
| 9:15 | Build | Mill |
| 9:19 | Create | Villager (Male) |
| 9:31 | Create | Villager (Male) |
| 9:47 | Create | Villager (Male) |
| 10:09 | Build | Mining Camp |
| 10:16 | Research | Feudal Age |
| 11:56 | Create | Villager (Male) |
| 12:44 | Age | Feudal Age |
| 12:51 | Build | Market |
| 13:06 | Build | Blacksmith |
| 13:10 | Create | Villager (Male) |
| 13:13 | Build | Farm |
| 13:27 | Build | House |
| 13:27 | Build | House |
| 13:36 | Create | Villager (Male) |
| 13:38 | Build | Farm |
| 14:04 | Create | Villager (Male) |
| 14:05 | Build | Farm |
| 14:30 | Create | Villager (Male) |
| 14:31 | Build | Farm |
| 14:36 | Build | Farm |
| 14:55 | Create | Villager (Male) |
| 15:19 | Build | Mining Camp |
| 15:23 | Create | Villager (Male) |
| 15:38 | Research | Castle Age |
| 16:17 | Research | Double-Bit Axe |
| 16:28 | Research | Horse Collar |
| 17:18 | Build | House |
| 17:19 | Build | House |
| 18:28 | Age | Castle Age |
| 18:50 | Build | Castle |
| 18:54 | Create | Villager (Male) |
| 18:55 | Create | Villager (Male) |
| 19:11 | Build | Lumber Camp |
| 19:37 | Create | Villager (Male) |
| 19:43 | Build | Town Center |
| 19:56 | Create | Villager (Male) |
| 19:56 | Create | Villager (Male) |
| 20:10 | Build | House |
| 20:12 | Build | House |
| 20:13 | Build | House |
| 20:18 | Research | Bow Saw |
| 20:29 | Create | Villager (Male) |
| 20:42 | Create | Villager (Male) |
| 20:42 | Create | Villager (Male) |
| 20:52 | Create | Villager (Male) |
| 20:57 | Build | Siege Workshop |
| 21:16 | Build | Farm |
| 21:32 | Create | Battering Ram |
| 21:44 | Build | Stone Wall |
| 21:50 | Create | Villager (Male) |
| 21:55 | Build | Farm |
| 22:05 | Create | Villager (Male) |
| 22:06 | Build | Farm |
| 22:13 | Create | Battering Ram |
| 22:13 | Create | Battering Ram |
| 22:26 | Create | Villager (Male) |
| 22:28 | Create | Villager (Male) |
| 22:30 | Create | Villager (Male) |
| 22:38 | Build | Farm |
| 22:46 | Create | Petard |
| 22:47 | Create | Petard |
| 22:47 | Create | Petard |
| 22:50 | Create | Battering Ram |
| 23:01 | Build | Farm |
| 23:08 | Build | Farm |
| 23:16 | Build | Farm |
| 23:18 | Create | Villager (Male) |
| 23:39 | Create | Battering Ram |
| 23:42 | Create | Petard |
| 23:42 | Create | Petard |
| 23:46 | Build | Farm |
| 23:55 | Build | Farm |
| 23:57 | Create | Villager (Male) |
| 24:46 | Create | Leitis |
| 24:46 | Create | Leitis |
| 24:46 | Create | Leitis |
| 24:53 | Create | Villager (Male) |
| 24:58 | Build | Farm |
| 24:59 | Build | Farm |
| 25:01 | Build | Farm |
| 25:07 | Create | Leitis |
| 25:45 | Create | Leitis |
| 25:47 | Create | Villager (Male) |
| 25:55 | Create | Villager (Male) |
| 25:56 | Create | Villager (Male) |
| 26:11 | Create | Leitis |
| 26:27 | Create | Petard |
| 26:35 | Build | Farm |
| 26:37 | Create | Villager (Male) |
| 26:40 | Create | Villager (Male) |
| 26:45 | Build | House |
| 26:46 | Build | House |
| 26:46 | Build | House |
| 26:55 | Create | Leitis |
| 27:06 | Create | Leitis |
| 27:27 | Create | Petard |
| 27:39 | Create | Battering Ram |
| 27:49 | Research | Scale Barding Armor |
| 28:01 | Create | Leitis |
| 28:02 | Create | Leitis |
| 28:02 | Create | Leitis |
| 28:12 | Create | Leitis |
| 28:20 | Create | Leitis |
| 28:20 | Create | Leitis |
| 28:26 | Build | Farm |
| 28:32 | Build | Farm |
| 28:33 | Build | Farm |
| 28:34 | Build | Farm |
| 28:41 | Build | Town Center |
| 28:46 | Create | Villager (Male) |
| 28:46 | Create | Villager (Male) |
| 28:50 | Build | Farm |
Build order — Teddy
First 150 of 456 actions detected
| 0:02 | Create | Villager (Male) |
| 0:03 | Create | Villager (Male) |
| 0:03 | Create | Villager (Male) |
| 0:03 | Create | Villager (Male) |
| 0:05 | Build | House |
| 0:06 | Build | House |
| 1:24 | Create | Villager (Male) |
| 1:25 | Create | Villager (Male) |
| 2:08 | Create | Villager (Male) |
| 2:16 | Build | Lumber Camp |
| 2:29 | Create | Villager (Male) |
| 2:29 | Create | Villager (Male) |
| 2:58 | Create | Villager (Male) |
| 2:58 | Create | Villager (Male) |
| 3:22 | Create | Villager (Male) |
| 3:22 | Create | Villager (Male) |
| 3:41 | Build | House |
| 3:42 | Build | House |
| 3:45 | Build | House |
| 3:51 | Build | House |
| 3:53 | Create | Villager (Male) |
| 3:54 | Create | Villager (Male) |
| 3:59 | Research | Loom |
| 4:12 | Create | Villager (Male) |
| 4:12 | Create | Villager (Male) |
| 4:37 | Build | House |
| 4:53 | Create | Villager (Male) |
| 4:53 | Create | Villager (Male) |
| 5:05 | Build | House |
| 5:14 | Create | Villager (Male) |
| 5:14 | Create | Villager (Male) |
| 5:44 | Build | House |
| 6:12 | Create | Villager (Male) |
| 6:13 | Create | Villager (Male) |
| 6:13 | Create | Villager (Male) |
| 6:13 | Create | Villager (Male) |
| 6:35 | Create | Villager (Male) |
| 6:39 | Build | Mill |
| 7:34 | Create | Villager (Male) |
| 7:35 | Create | Villager (Male) |
| 7:59 | Create | Villager (Male) |
| 8:00 | Create | Villager (Male) |
| 8:30 | Create | Villager (Male) |
| 8:32 | Create | Villager (Male) |
| 8:59 | Build | Mining Camp |
| 10:15 | Research | Feudal Age |
| 11:42 | Create | Villager (Male) |
| 11:42 | Create | Villager (Male) |
| 12:43 | Age | Feudal Age |
| 12:45 | Build | Market |
| 12:48 | Build | Blacksmith |
| 12:54 | Build | Mining Camp |
| 13:33 | Research | Castle Age |
| 13:46 | Build | Gate |
| 13:49 | Build | Stone Wall |
| 13:57 | Build | Gate |
| 14:00 | Build | Stone Wall |
| 14:07 | Research | Double-Bit Axe |
| 14:43 | Build | Farm |
| 14:45 | Research | Horse Collar |
| 15:05 | Build | House |
| 15:06 | Build | House |
| 15:20 | Build | Farm |
| 15:23 | Build | Farm |
| 15:46 | Create | Villager (Male) |
| 15:46 | Create | Villager (Male) |
| 16:13 | Age | Castle Age |
| 16:15 | Build | Town Center |
| 16:16 | Research | Bow Saw |
| 16:35 | Build | Town Center |
| 16:38 | Create | Villager (Male) |
| 16:45 | Build | Farm |
| 16:55 | Build | House |
| 16:56 | Build | House |
| 17:01 | Create | Villager (Male) |
| 17:14 | Build | Farm |
| 17:28 | Create | Villager (Male) |
| 17:29 | Create | Villager (Male) |
| 17:56 | Build | House |
| 17:58 | Build | House |
| 18:03 | Build | House |
| 18:04 | Build | House |
| 18:08 | Create | Villager (Male) |
| 18:08 | Create | Villager (Male) |
| 18:09 | Create | Villager (Male) |
| 18:16 | Build | Farm |
| 18:17 | Build | Farm |
| 18:25 | Create | Villager (Male) |
| 18:27 | Create | Villager (Male) |
| 18:28 | Create | Villager (Male) |
| 18:30 | Build | Farm |
| 18:37 | Build | Farm |
| 18:40 | Build | Farm |
| 18:40 | Build | Farm |
| 18:41 | Build | Farm |
| 18:51 | Build | Farm |
| 18:55 | Build | Farm |
| 18:57 | Create | Villager (Male) |
| 19:13 | Build | Farm |
| 19:17 | Build | House |
| 19:21 | Create | Villager (Male) |
| 19:23 | Create | Villager (Male) |
| 19:23 | Create | Villager (Male) |
| 19:38 | Create | Villager (Male) |
| 19:43 | Build | Town Center |
| 19:53 | Build | House |
| 19:54 | Build | House |
| 19:55 | Build | House |
| 19:56 | Build | House |
| 19:56 | Build | House |
| 19:59 | Create | Villager (Male) |
| 20:01 | Create | Villager (Male) |
| 20:11 | Build | Farm |
| 20:12 | Build | Farm |
| 20:15 | Build | Farm |
| 20:15 | Build | Farm |
| 20:19 | Create | Villager (Male) |
| 20:20 | Create | Villager (Male) |
| 20:21 | Create | Villager (Male) |
| 20:37 | Build | Monastery |
| 20:40 | Create | Villager (Male) |
| 20:41 | Create | Villager (Male) |
| 20:42 | Create | Villager (Male) |
| 20:56 | Build | Lumber Camp |
| 21:00 | Create | Villager (Male) |
| 21:01 | Create | Villager (Male) |
| 21:07 | Build | House |
| 21:07 | Build | House |
| 21:11 | Create | Monk |
| 21:14 | Create | Villager (Male) |
| 21:20 | Build | Farm |
| 21:21 | Build | Farm |
| 21:22 | Build | Farm |
| 21:23 | Build | Farm |
| 21:23 | Build | Farm |
| 21:24 | Build | Farm |
| 21:25 | Build | Farm |
| 21:27 | Create | Villager (Male) |
| 21:30 | Create | Villager (Male) |
| 21:37 | Build | Mining Camp |
| 21:39 | Create | Villager (Male) |
| 21:45 | Build | Farm |
| 21:46 | Build | Farm |
| 21:46 | Build | Farm |
| 21:48 | Build | Farm |
| 21:51 | Create | Villager (Male) |
| 21:52 | Create | Villager (Male) |
| 21:58 | Create | Villager (Male) |
| 21:58 | Create | Villager (Male) |
| 22:04 | Create | Villager (Male) |
Build order — 330609350
First 150 of 366 actions detected
| 0:01 | Create | Villager (Male) |
| 0:02 | Create | Villager (Male) |
| 0:03 | Build | House |
| 0:09 | Create | Villager (Male) |
| 0:09 | Create | Villager (Male) |
| 0:10 | Create | Villager (Male) |
| 1:16 | Build | House |
| 1:33 | Create | Villager (Male) |
| 1:33 | Create | Villager (Male) |
| 1:34 | Create | Villager (Male) |
| 1:43 | Research | Loom |
| 1:43 | Research | Loom |
| 2:11 | Create | Villager (Male) |
| 2:11 | Create | Villager (Male) |
| 2:44 | Build | Lumber Camp |
| 2:50 | Create | Villager (Male) |
| 2:50 | Create | Villager (Male) |
| 2:51 | Create | Villager (Male) |
| 3:13 | Create | Villager (Male) |
| 4:02 | Create | Villager (Male) |
| 4:03 | Create | Villager (Male) |
| 4:27 | Build | House |
| 4:33 | Create | Villager (Male) |
| 4:33 | Create | Villager (Male) |
| 4:33 | Create | Villager (Male) |
| 5:07 | Create | Villager (Male) |
| 5:08 | Create | Villager (Male) |
| 5:23 | Create | Villager (Male) |
| 5:24 | Create | Villager (Male) |
| 5:34 | Build | Mill |
| 5:39 | Create | Villager (Male) |
| 5:40 | Create | Villager (Male) |
| 6:19 | Create | Villager (Male) |
| 6:20 | Create | Villager (Male) |
| 6:20 | Create | Villager (Male) |
| 6:20 | Create | Villager (Male) |
| 6:21 | Create | Villager (Male) |
| 6:42 | Create | Villager (Male) |
| 6:43 | Create | Villager (Male) |
| 7:03 | Build | House |
| 7:05 | Build | House |
| 7:54 | Create | Villager (Male) |
| 7:54 | Create | Villager (Male) |
| 8:17 | Create | Villager (Male) |
| 8:17 | Create | Villager (Male) |
| 8:17 | Create | Villager (Male) |
| 8:42 | Create | Villager (Male) |
| 8:52 | Build | House |
| 8:54 | Build | House |
| 9:29 | Research | Feudal Age |
| 9:29 | Research | Feudal Age |
| 9:43 | Build | Mill |
| 10:04 | Build | Palisade Wall |
| 10:48 | Build | Lumber Camp |
| 10:58 | Create | Villager (Male) |
| 11:22 | Create | Villager (Male) |
| 11:30 | Build | Mining Camp |
| 11:35 | Build | Mining Camp |
| 11:42 | Create | Villager (Male) |
| 11:45 | Age | Feudal Age |
| 12:02 | Build | Market |
| 12:40 | Build | Blacksmith |
| 12:46 | Create | Villager (Male) |
| 12:49 | Build | Mining Camp |
| 13:18 | Create | Villager (Male) |
| 13:55 | Research | Castle Age |
| 13:55 | Research | Castle Age |
| 14:32 | Build | Gate |
| 14:37 | Create | Villager (Male) |
| 15:11 | Create | Villager (Male) |
| 15:17 | Build | Barracks |
| 15:34 | Research | Double-Bit Axe |
| 15:35 | Research | Double-Bit Axe |
| 16:03 | Build | House |
| 16:04 | Build | House |
| 16:13 | Build | House |
| 16:20 | Create | Villager (Male) |
| 16:35 | Age | Castle Age |
| 16:49 | Build | Town Center |
| 17:04 | Research | Horse Collar |
| 17:04 | Research | Horse Collar |
| 17:04 | Research | Horse Collar |
| 17:12 | Build | Town Center |
| 17:45 | Build | House |
| 17:48 | Create | Villager (Male) |
| 17:52 | Create | Villager (Male) |
| 18:02 | Create | Villager (Male) |
| 18:02 | Create | Villager (Male) |
| 18:32 | Build | Farm |
| 18:33 | Build | Farm |
| 18:35 | Build | Farm |
| 18:43 | Build | Farm |
| 18:50 | Create | Villager (Male) |
| 18:52 | Build | Farm |
| 18:55 | Create | Villager (Male) |
| 18:55 | Create | Villager (Male) |
| 18:58 | Create | Villager (Male) |
| 18:59 | Create | Villager (Male) |
| 19:03 | Create | Villager (Male) |
| 19:08 | Build | Farm |
| 19:14 | Create | Villager (Male) |
| 19:17 | Create | Villager (Male) |
| 19:30 | Build | Farm |
| 19:32 | Build | Farm |
| 19:59 | Build | Farm |
| 20:00 | Build | Farm |
| 20:02 | Create | Villager (Male) |
| 20:26 | Create | Villager (Male) |
| 20:30 | Build | Farm |
| 20:33 | Create | Villager (Male) |
| 20:36 | Build | Mining Camp |
| 20:43 | Create | Villager (Male) |
| 20:47 | Create | Villager (Male) |
| 20:49 | Research | Wheelbarrow |
| 20:55 | Create | Villager (Male) |
| 21:04 | Create | Villager (Male) |
| 21:09 | Build | Farm |
| 21:15 | Create | Villager (Male) |
| 21:18 | Create | Villager (Male) |
| 21:20 | Create | Villager (Male) |
| 21:39 | Create | Villager (Male) |
| 21:41 | Build | Farm |
| 21:42 | Build | Farm |
| 21:48 | Build | Farm |
| 21:50 | Build | Farm |
| 21:51 | Build | Farm |
| 21:55 | Create | Villager (Male) |
| 22:05 | Build | Castle |
| 22:11 | Create | Villager (Male) |
| 22:13 | Build | Farm |
| 22:14 | Build | Farm |
| 22:45 | Create | Villager (Male) |
| 22:48 | Build | Farm |
| 22:52 | Build | Siege Workshop |
| 22:55 | Create | Villager (Male) |
| 23:11 | Build | Town Center |
| 23:15 | Create | Villager (Male) |
| 23:22 | Build | Farm |
| 23:27 | Create | Villager (Male) |
| 23:40 | Create | Villager (Male) |
| 23:42 | Build | Farm |
| 23:43 | Build | Farm |
| 23:46 | Create | Villager (Male) |
| 23:49 | Create | Villager (Male) |
| 24:00 | Build | Farm |
| 24:01 | Build | Farm |
| 24:15 | Create | Mangonel |
| 24:15 | Create | Mangonel |
| 24:21 | Create | Villager (Male) |
| 24:34 | Create | Villager (Male) |
Build order — Wolliwup
First 150 of 411 actions detected
| 0:01 | Create | Villager (Male) |
| 0:01 | Create | Villager (Male) |
| 0:01 | Create | Villager (Male) |
| 0:02 | Create | Villager (Male) |
| 0:04 | Build | House |
| 0:05 | Build | House |
| 0:19 | Research | Loom |
| 0:20 | Create | Villager (Male) |
| 0:47 | Create | Villager (Male) |
| 0:47 | Create | Villager (Male) |
| 0:48 | Create | Villager (Male) |
| 1:55 | Create | Villager (Male) |
| 1:56 | Create | Villager (Male) |
| 2:31 | Create | Villager (Male) |
| 2:31 | Create | Villager (Male) |
| 3:01 | Create | Villager (Male) |
| 3:02 | Create | Villager (Male) |
| 3:40 | Create | Villager (Male) |
| 3:41 | Create | Villager (Male) |
| 3:52 | Build | Lumber Camp |
| 4:05 | Create | Villager (Male) |
| 4:05 | Create | Villager (Male) |
| 4:44 | Build | Palisade Wall |
| 4:46 | Build | Palisade Wall |
| 4:50 | Build | Palisade Wall |
| 4:52 | Build | Palisade Wall |
| 4:55 | Build | Palisade Wall |
| 4:58 | Build | Palisade Wall |
| 4:59 | Create | Villager (Male) |
| 5:00 | Create | Villager (Male) |
| 5:01 | Create | Villager (Male) |
| 5:01 | Create | Villager (Male) |
| 5:06 | Build | Palisade Wall |
| 5:07 | Build | Palisade Wall |
| 5:08 | Build | Palisade Wall |
| 5:11 | Build | Palisade Wall |
| 5:16 | Build | Palisade Wall |
| 5:38 | Build | Palisade Wall |
| 5:43 | Build | Palisade Wall |
| 5:47 | Create | Villager (Male) |
| 5:47 | Create | Villager (Male) |
| 6:00 | Build | Outpost |
| 6:29 | Create | Villager (Male) |
| 6:34 | Build | House |
| 6:48 | Create | Villager (Male) |
| 6:49 | Create | Villager (Male) |
| 6:56 | Build | House |
| 7:06 | Build | Mill |
| 7:27 | Create | Villager (Male) |
| 7:27 | Create | Villager (Male) |
| 7:27 | Create | Villager (Male) |
| 7:51 | Create | Villager (Male) |
| 7:52 | Create | Villager (Male) |
| 7:52 | Create | Villager (Male) |
| 9:22 | Create | Villager (Male) |
| 9:22 | Create | Villager (Male) |
| 9:26 | Build | Mining Camp |
| 10:00 | Create | Villager (Male) |
| 10:26 | Build | Mining Camp |
| 10:38 | Create | Villager (Male) |
| 10:52 | Research | Feudal Age |
| 11:46 | Create | Villager (Male) |
| 11:46 | Create | Villager (Male) |
| 12:06 | Build | Farm |
| 12:13 | Build | House |
| 13:13 | Age | Feudal Age |
| 13:18 | Build | Blacksmith |
| 13:20 | Build | Market |
| 13:52 | Build | Farm |
| 14:11 | Create | Villager (Male) |
| 14:18 | Build | Farm |
| 14:51 | Research | Castle Age |
| 14:51 | Research | Castle Age |
| 15:31 | Research | Double-Bit Axe |
| 15:50 | Build | Stone Wall |
| 15:55 | Build | Gate |
| 16:05 | Research | Horse Collar |
| 16:25 | Build | Stone Wall |
| 16:25 | Build | Stone Wall |
| 16:27 | Build | Stone Wall |
| 16:30 | Build | Stone Wall |
| 16:43 | Build | House |
| 16:44 | Build | House |
| 17:02 | Create | Villager (Male) |
| 17:05 | Create | Villager (Male) |
| 17:08 | Build | Farm |
| 17:10 | Build | Farm |
| 17:12 | Build | Farm |
| 17:15 | Build | Farm |
| 17:31 | Age | Castle Age |
| 17:47 | Create | Villager (Male) |
| 18:02 | Build | Castle |
| 18:11 | Build | Palisade Wall |
| 18:12 | Build | Palisade Wall |
| 18:22 | Create | Villager (Male) |
| 18:30 | Build | Town Center |
| 18:39 | Create | Villager (Male) |
| 18:56 | Build | Lumber Camp |
| 18:58 | Create | Villager (Male) |
| 19:13 | Create | Villager (Male) |
| 19:23 | Create | Villager (Male) |
| 19:38 | Create | Hussite Wagon |
| 19:57 | Create | Villager (Male) |
| 19:57 | Create | Villager (Male) |
| 20:07 | Create | Villager (Male) |
| 20:07 | Create | Villager (Male) |
| 20:28 | Build | Town Center |
| 20:34 | Create | Villager (Male) |
| 20:35 | Create | Villager (Male) |
| 20:38 | Build | Farm |
| 20:46 | Research | Bow Saw |
| 20:58 | Build | Farm |
| 21:10 | Build | Farm |
| 21:11 | Build | Farm |
| 21:13 | Create | Villager (Male) |
| 21:16 | Build | Farm |
| 21:19 | Build | Farm |
| 21:24 | Build | Farm |
| 21:26 | Create | Villager (Male) |
| 21:27 | Create | Villager (Male) |
| 21:27 | Create | Villager (Male) |
| 21:34 | Build | Farm |
| 21:48 | Create | Villager (Male) |
| 21:48 | Create | Villager (Male) |
| 21:48 | Create | Villager (Male) |
| 21:49 | Create | Villager (Male) |
| 21:55 | Create | Villager (Male) |
| 21:56 | Create | Villager (Male) |
| 22:02 | Build | Farm |
| 22:17 | Create | Villager (Male) |
| 22:17 | Create | Villager (Male) |
| 22:25 | Create | Villager (Male) |
| 22:26 | Create | Villager (Male) |
| 22:29 | Build | Farm |
| 22:30 | Build | Farm |
| 22:38 | Build | Farm |
| 22:39 | Build | Farm |
| 22:40 | Build | Farm |
| 22:45 | Build | Farm |
| 22:48 | Build | Farm |
| 22:50 | Build | Farm |
| 22:52 | Create | Villager (Male) |
| 22:52 | Create | Villager (Male) |
| 22:52 | Create | Villager (Male) |
| 22:52 | Create | Villager (Male) |
| 22:57 | Build | Farm |
| 22:59 | Create | Villager (Male) |
| 22:59 | Create | Villager (Male) |
| 23:04 | Build | Farm |
| 23:07 | Build | Farm |
Build order — pray4u
First 150 of 496 actions detected
| 0:02 | Create | Villager (Male) ×4 |
| 0:04 | Build | House |
| 0:06 | Build | House |
| 1:42 | Create | Villager (Male) |
| 1:55 | Build | Lumber Camp |
| 2:20 | Create | Villager (Male) |
| 2:20 | Create | Villager (Male) |
| 2:21 | Create | Villager (Male) |
| 2:56 | Create | Villager (Male) |
| 2:57 | Create | Villager (Male) |
| 3:16 | Create | Villager (Male) |
| 3:16 | Create | Villager (Male) |
| 3:59 | Create | Villager (Male) |
| 3:59 | Create | Villager (Male) |
| 4:36 | Create | Villager (Male) |
| 4:59 | Research | Loom |
| 5:04 | Build | House |
| 5:19 | Create | Villager (Male) |
| 5:42 | Create | Villager (Male) |
| 5:42 | Create | Villager (Male) |
| 5:42 | Create | Villager (Male) |
| 5:43 | Create | Villager (Male) |
| 5:52 | Build | Mill |
| 6:03 | Create | Villager (Male) |
| 6:38 | Build | House |
| 7:18 | Create | Villager (Male) |
| 7:20 | Create | Villager (Male) |
| 7:47 | Build | Farm |
| 8:05 | Create | Villager (Male) |
| 8:09 | Build | Farm |
| 8:10 | Create | Villager (Male) |
| 8:21 | Build | Mining Camp |
| 8:59 | Create | Villager (Male) |
| 8:59 | Create | Villager (Male) |
| 9:29 | Research | Feudal Age |
| 10:24 | Build | House |
| 10:45 | Create | Villager (Male) |
| 10:45 | Create | Villager (Male) |
| 11:42 | Age | Feudal Age |
| 11:43 | Build | Market |
| 11:49 | Build | Blacksmith |
| 12:02 | Research | Double-Bit Axe |
| 12:16 | Build | House |
| 12:23 | Research | Castle Age |
| 14:10 | Research | Horse Collar |
| 14:28 | Build | Farm |
| 15:00 | Create | Villager (Male) |
| 15:00 | Create | Villager (Male) |
| 15:06 | Research | Wheelbarrow |
| 15:08 | Create | Villager (Male) |
| 15:12 | Age | Castle Age |
| 15:13 | Research | Bow Saw |
| 15:13 | Research | Heavy Plow |
| 15:19 | Build | Town Center |
| 15:57 | Build | Town Center |
| 16:03 | Create | Villager (Male) |
| 16:26 | Create | Villager (Male) |
| 16:31 | Create | Villager (Male) |
| 16:32 | Create | Villager (Male) |
| 16:32 | Create | Villager (Male) |
| 16:34 | Build | Farm |
| 16:47 | Create | Villager (Male) |
| 16:51 | Build | Farm |
| 16:52 | Build | Farm |
| 16:55 | Build | Farm |
| 16:57 | Build | Farm |
| 17:03 | Build | Farm |
| 17:09 | Create | Villager (Male) |
| 17:09 | Create | Villager (Male) |
| 17:09 | Create | Villager (Male) |
| 17:12 | Build | Farm |
| 17:19 | Build | Farm |
| 17:23 | Create | Villager (Male) |
| 17:23 | Create | Villager (Male) |
| 17:23 | Create | Villager (Male) |
| 17:27 | Build | Farm |
| 17:37 | Build | Farm |
| 17:47 | Build | Farm |
| 17:51 | Create | Villager (Male) |
| 17:55 | Build | House |
| 18:03 | Build | Farm |
| 18:05 | Build | Farm |
| 18:06 | Create | Villager (Male) |
| 18:06 | Create | Villager (Male) |
| 18:13 | Build | House |
| 18:14 | Create | Villager (Male) |
| 18:22 | Build | Farm |
| 18:25 | Create | Villager (Male) |
| 18:27 | Create | Villager (Male) |
| 18:33 | Build | Farm |
| 18:34 | Build | Farm |
| 18:35 | Create | Villager (Male) |
| 18:49 | Build | Farm |
| 18:56 | Create | Villager (Male) |
| 18:56 | Create | Villager (Male) |
| 19:05 | Create | Villager (Male) |
| 19:05 | Create | Villager (Male) |
| 19:08 | Build | Farm |
| 19:10 | Create | Villager (Male) |
| 19:10 | Create | Villager (Male) |
| 19:23 | Create | Villager (Male) |
| 19:33 | Create | Villager (Male) |
| 19:37 | Build | Farm |
| 19:37 | Create | Villager (Male) |
| 19:37 | Create | Villager (Male) |
| 19:41 | Build | Town Center |
| 19:42 | Create | Villager (Male) |
| 19:43 | Create | Villager (Male) |
| 19:51 | Create | Villager (Male) |
| 19:51 | Create | Villager (Male) |
| 20:02 | Create | Villager (Male) |
| 20:03 | Create | Villager (Male) |
| 20:14 | Build | Farm |
| 20:17 | Create | Villager (Male) |
| 20:17 | Create | Villager (Male) |
| 20:22 | Create | Villager (Male) |
| 20:22 | Create | Villager (Male) |
| 20:22 | Create | Villager (Male) |
| 20:27 | Build | House |
| 20:31 | Build | House |
| 20:39 | Build | Farm |
| 20:41 | Create | Villager (Male) |
| 20:41 | Create | Villager (Male) |
| 20:44 | Build | Farm |
| 20:50 | Build | Farm |
| 20:53 | Create | Villager (Male) |
| 20:53 | Create | Villager (Male) |
| 20:59 | Create | Villager (Male) |
| 21:07 | Build | Farm |
| 21:09 | Build | Farm |
| 21:10 | Create | Villager (Male) |
| 21:13 | Build | Farm |
| 21:14 | Create | Villager (Male) |
| 21:16 | Build | Farm |
| 21:18 | Create | Villager (Male) |
| 21:18 | Create | Villager (Male) |
| 21:24 | Create | Villager (Male) |
| 21:27 | Build | Farm |
| 21:29 | Create | Villager (Male) |
| 21:33 | Build | Farm |
| 21:36 | Build | Farm |
| 21:37 | Build | Farm |
| 21:40 | Build | Farm |
| 21:42 | Build | Farm |
| 21:44 | Create | Villager (Male) |
| 21:44 | Create | Villager (Male) |
| 21:47 | Create | Villager (Male) |
| 21:57 | Build | Farm |
| 22:00 | Create | Villager (Male) |
| 22:01 | Create | Villager (Male) |
Build order — monster
First 150 of 342 actions detected
| 0:03 | Create | Villager (Male) ×4 |
| 0:03 | Create | Villager (Male) ×4 |
| 0:07 | Build | House |
| 0:08 | Build | House |
| 1:20 | Create | Villager (Male) |
| 1:20 | Create | Villager (Male) |
| 1:20 | Create | Villager (Male) |
| 1:20 | Create | Villager (Male) |
| 1:46 | Create | Villager (Male) |
| 1:47 | Create | Villager (Male) |
| 1:47 | Create | Villager (Male) |
| 1:47 | Create | Villager (Male) |
| 2:21 | Create | Villager (Male) |
| 2:21 | Create | Villager (Male) |
| 2:57 | Create | Villager (Male) |
| 2:57 | Create | Villager (Male) |
| 3:10 | Create | Villager (Male) |
| 3:11 | Create | Villager (Male) |
| 3:11 | Create | Villager (Male) |
| 3:39 | Create | Villager (Male) |
| 3:39 | Create | Villager (Male) |
| 3:39 | Create | Villager (Male) |
| 3:39 | Create | Villager (Male) |
| 3:39 | Create | Villager (Male) |
| 4:05 | Build | House |
| 4:24 | Create | Villager (Male) |
| 4:24 | Create | Villager (Male) |
| 4:26 | Create | Villager (Male) |
| 4:52 | Build | Palisade Wall |
| 5:01 | Create | Villager (Male) |
| 5:01 | Create | Villager (Male) |
| 5:01 | Create | Villager (Male) |
| 5:01 | Create | Villager (Male) |
| 5:08 | Build | Mill |
| 5:24 | Research | Loom |
| 6:08 | Create | Villager (Male) |
| 6:08 | Create | Villager (Male) |
| 6:08 | Create | Villager (Male) |
| 6:23 | Create | Villager (Male) |
| 6:23 | Create | Villager (Male) |
| 6:43 | Build | Lumber Camp |
| 7:18 | Create | Villager (Male) |
| 7:18 | Create | Villager (Male) |
| 7:18 | Create | Villager (Male) |
| 7:18 | Create | Villager (Male) |
| 7:19 | Create | Villager (Male) |
| 7:25 | Build | House |
| 7:59 | Create | Villager (Male) |
| 7:59 | Create | Villager (Male) |
| 8:14 | Create | Villager (Male) |
| 8:14 | Create | Villager (Male) |
| 8:14 | Create | Villager (Male) |
| 8:14 | Create | Villager (Male) |
| 8:29 | Build | Mining Camp |
| 8:42 | Create | Villager (Male) |
| 8:42 | Create | Villager (Male) |
| 8:42 | Create | Villager (Male) |
| 8:53 | Build | Palisade Wall |
| 9:16 | Create | Villager (Male) |
| 9:17 | Create | Villager (Male) |
| 9:17 | Create | Villager (Male) |
| 9:17 | Create | Villager (Male) |
| 9:17 | Create | Villager (Male) |
| 9:29 | Build | Mill |
| 9:54 | Build | House |
| 11:00 | Research | Feudal Age |
| 11:16 | Build | Palisade Wall |
| 12:23 | Build | Mill |
| 13:10 | Age | Feudal Age |
| 13:22 | Build | Market |
| 13:30 | Create | Villager (Male) |
| 13:31 | Create | Villager (Male) |
| 13:31 | Create | Villager (Male) |
| 13:31 | Create | Villager (Male) |
| 13:31 | Create | Villager (Male) |
| 13:31 | Create | Villager (Male) |
| 14:23 | Build | House |
| 14:53 | Build | Lumber Camp |
| 15:28 | Create | Villager (Male) |
| 15:29 | Create | Villager (Male) |
| 15:29 | Create | Villager (Male) |
| 15:46 | Build | House |
| 16:43 | Create | Villager (Male) |
| 16:43 | Create | Villager (Male) |
| 16:52 | Build | Blacksmith |
| 17:18 | Research | Castle Age |
| 17:42 | Research | Double-Bit Axe |
| 18:07 | Research | Horse Collar |
| 18:33 | Research | Wheelbarrow |
| 18:39 | Build | Mining Camp |
| 18:58 | Research | Stone Mining |
| 19:01 | Create | Villager (Male) |
| 19:01 | Create | Villager (Male) |
| 19:01 | Create | Villager (Male) |
| 19:02 | Create | Villager (Male) |
| 19:02 | Create | Villager (Male) |
| 19:02 | Create | Villager (Male) |
| 19:02 | Create | Villager (Male) |
| 19:03 | Create | Villager (Male) |
| 19:03 | Create | Villager (Male) |
| 19:03 | Create | Villager (Male) |
| 19:03 | Create | Villager (Male) |
| 19:58 | Age | Castle Age |
| 20:07 | Research | Fletching |
| 20:08 | Create | Villager (Male) |
| 20:08 | Create | Villager (Male) |
| 20:08 | Create | Villager (Male) |
| 20:08 | Create | Villager (Male) |
| 20:25 | Build | Krepost |
| 20:33 | Research | Bodkin Arrow |
| 20:52 | Build | Mill |
| 21:25 | Create | Petard |
| 21:25 | Create | Petard |
| 21:25 | Create | Petard |
| 21:26 | Create | Petard |
| 21:26 | Create | Petard |
| 21:26 | Create | Petard |
| 21:27 | Create | Petard |
| 21:27 | Create | Petard |
| 21:55 | Build | Krepost |
| 23:06 | Build | Mining Camp |
| 23:09 | Create | Petard |
| 23:09 | Create | Petard |
| 23:09 | Create | Petard |
| 23:10 | Create | Petard |
| 23:49 | Create | Konnik |
| 23:49 | Create | Konnik |
| 23:50 | Create | Konnik |
| 23:51 | Create | Konnik |
| 23:51 | Create | Konnik |
| 23:51 | Create | Konnik |
| 24:07 | Create | Konnik ×2 |
| 24:07 | Create | Konnik ×2 |
| 24:07 | Create | Konnik ×2 |
| 24:07 | Create | Konnik ×2 |
| 24:24 | Create | Petard ×2 |
| 26:11 | Build | Krepost |
| 27:16 | Create | Villager (Male) |
| 27:16 | Create | Villager (Male) |
| 27:16 | Create | Villager (Male) |
| 27:16 | Create | Villager (Male) |
| 27:16 | Create | Villager (Male) |
| 27:22 | Create | Konnik |
| 27:28 | Build | Krepost |
| 27:54 | Create | Konnik |
| 27:55 | Create | Konnik |
| 28:14 | Build | Lumber Camp |
| 28:34 | Build | Krepost |
| 28:58 | Build | Farm |
| 28:59 | Build | Farm |
Match timeline
| 0:39 | Chris Becker · wall_segment Palisade Wall x8 |
| 4:13 | Chris Becker · wall_segment Palisade Wall x13 |
| 4:44 | Wolliwup · wall_segment Palisade Wall x1 |
| 4:46 | Wolliwup · wall_segment Palisade Wall x1 |
| 4:50 | Wolliwup · wall_segment Palisade Wall x1 |
| 4:52 | monster · wall_segment Palisade Wall x16 |
| 4:52 | Wolliwup · wall_segment Palisade Wall x1 |
| 4:55 | Wolliwup · wall_segment Palisade Wall x1 |
| 4:58 | Wolliwup · wall_segment Palisade Wall x1 |
| 5:06 | Wolliwup · wall_segment Palisade Wall x1 |
| 5:07 | Wolliwup · wall_segment Palisade Wall x1 |
| 5:08 | Wolliwup · wall_segment Palisade Wall x1 |
| 5:11 | Wolliwup · wall_segment Palisade Wall x1 |
| 5:16 | Wolliwup · wall_segment Palisade Wall x1 |
| 5:38 | Wolliwup · wall_segment Palisade Wall x1 |
| 5:43 | Wolliwup · wall_segment Palisade Wall x1 |
| 6:05 | Chris Becker · wall_segment Palisade Wall x8 |
| 8:52 | Chris Becker · wall_segment Palisade Wall x7 |
| 8:53 | monster · wall_segment Palisade Wall x14 |
| 9:16 | roggan · wall_segment Palisade Wall x1 |
| 10:04 | 330609350 · wall_segment Palisade Wall x4 |
| 11:16 | monster · wall_segment Palisade Wall x15 |
| 11:42 | pray4u · age_up feudal |
| 11:45 | 330609350 · age_up feudal |
| 12:43 | Teddy · age_up feudal |
| 12:44 | Chris Becker · age_up feudal |
| 13:01 | 小肥羊 · age_up feudal |
| 13:10 | monster · age_up feudal |
| 13:13 | Wolliwup · age_up feudal |
| 13:49 | Teddy · wall_segment Stone Wall x6 |
| 13:54 | 330609350 · first_market_sell 100 wood |
| 14:00 | Teddy · wall_segment Stone Wall x6 |
| 15:12 | pray4u · age_up castle |
| 15:17 | 330609350 · first_building Barracks |
| 15:50 | Wolliwup · wall_segment Stone Wall x10 |
| 16:13 | Teddy · age_up castle |
| 16:25 | Wolliwup · wall_segment Stone Wall x1 |
| 16:25 | Wolliwup · wall_segment Stone Wall x1 |
| 16:27 | Wolliwup · wall_segment Stone Wall x1 |
| 16:28 | monster · first_market_sell 100 wood |
| 16:30 | Wolliwup · wall_segment Stone Wall x1 |
| 16:30 | monster · first_market_buy 100 food |
| 16:33 | 小肥羊 · age_up castle |
| 16:35 | 330609350 · age_up castle |
| 17:00 | 小肥羊 · first_building Monastery |
| 17:08 | pray4u · first_market_buy 100 food |
| 17:31 | Wolliwup · age_up castle |
| 18:02 | Wolliwup · first_building Castle |
| 18:11 | Wolliwup · wall_segment Palisade Wall x1 |
| 18:12 | Wolliwup · wall_segment Palisade Wall x1 |
| 18:28 | Chris Becker · age_up castle |
| 18:46 | 330609350 · first_market_buy 100 food |
| 18:50 | Chris Becker · first_building Castle |
| 19:53 | roggan · age_up feudal |
| 19:58 | monster · age_up castle |
| 20:25 | monster · first_building Krepost |
| 20:37 | Teddy · first_building Monastery |
| 20:54 | roggan · first_market_buy 100 food |
| 20:57 | Chris Becker · first_building Siege Workshop |
| 20:58 | roggan · first_market_sell 100 wood |
| 21:44 | Chris Becker · wall_segment Stone Wall x10 |
| 21:47 | Wolliwup · first_market_buy 100 food |
| 22:05 | 330609350 · first_building Castle |
| 22:23 | pray4u · first_building Monastery |
| 22:52 | 330609350 · first_building Siege Workshop |
| 24:23 | Wolliwup · first_building Monastery |
| 24:52 | Wolliwup · first_building Siege Workshop |
| 24:53 | 小肥羊 · first_building Siege Workshop |
| 24:55 | pray4u · first_market_sell 100 food |
| 25:03 | roggan · age_up castle |
| 25:16 | Wolliwup · wall_segment Stone Wall x10 |
| 25:47 | pray4u · first_building Barracks |
| 26:15 | pray4u · first_building Stable |
| 26:17 | Wolliwup · first_building Barracks |
| 26:21 | Teddy · first_building Siege Workshop |
| 26:24 | Wolliwup · wall_segment Stone Wall x10 |
| 26:42 | Wolliwup · wall_segment Stone Wall x10 |
| 26:48 | Teddy · first_building Castle |
| 26:58 | Wolliwup · wall_segment Stone Wall x1 |
| 27:14 | Teddy · wall_segment Stone Wall x1 |
| 27:16 | Teddy · wall_segment Stone Wall x2 |
| 27:24 | 小肥羊 · first_market_sell 100 wood |
| 27:40 | Teddy · first_building Barracks |
| 28:07 | pray4u · age_up imperial |
| 28:17 | Wolliwup · wall_segment Stone Wall x4 |
| 28:20 | pray4u · first_building Siege Workshop |
| 28:32 | 小肥羊 · first_building Barracks |
| 29:02 | 小肥羊 · age_up imperial |
| 29:25 | 小肥羊 · first_market_buy 100 stone |
| 29:40 | Teddy · wall_segment Stone Wall x1 |
| 29:41 | 小肥羊 · first_building Castle |
| 29:42 | Teddy · wall_segment Stone Wall x2 |
| 29:42 | Teddy · wall_segment Stone Wall x1 |
| 30:01 | 小肥羊 · first_building Stable |
| 30:35 | Teddy · age_up imperial |
| 31:20 | pray4u · first_building Castle |
| 31:40 | monster · first_building Siege Workshop |
| 31:42 | roggan · first_building Monastery |
| 32:30 | Wolliwup · wall_segment Stone Wall x1 |
| 32:48 | Chris Becker · first_building Barracks |
| 32:54 | Wolliwup · age_up imperial |
| 33:07 | pray4u · wall_segment Stone Wall x4 |
| 33:12 | 330609350 · age_up imperial |
| 33:16 | roggan · wall_segment Stone Wall x11 |
| 33:22 | pray4u · first_building Archery Range |
| 33:28 | pray4u · wall_segment Stone Wall x5 |
| 33:30 | pray4u · wall_segment Stone Wall x1 |
| 33:51 | Chris Becker · first_building Archery Range |
| 34:04 | roggan · wall_segment Stone Wall x8 |
| 34:09 | pray4u · wall_segment Stone Wall x4 |
| 34:15 | roggan · wall_segment Stone Wall x10 |
| 35:06 | roggan · wall_segment Stone Wall x10 |
| 35:10 | roggan · wall_segment Stone Wall x11 |
| 35:30 | Chris Becker · age_up imperial |
| 35:55 | roggan · wall_segment Stone Wall x1 |
| 35:56 | roggan · wall_segment Stone Wall x1 |
| 36:02 | roggan · wall_segment Stone Wall x7 |
| 36:56 | roggan · wall_segment Stone Wall x9 |
| 37:10 | monster · first_building Barracks |
| 37:13 | roggan · wall_segment Stone Wall x1 |
| 37:34 | roggan · wall_segment Stone Wall x7 |
| 37:40 | Teddy · first_market_buy 100 wood |
| 37:53 | roggan · first_building Castle |
| 38:58 | Teddy · first_market_sell 500 food |
| 39:05 | roggan · wall_segment Stone Wall x10 |
| 39:11 | roggan · wall_segment Stone Wall x9 |
| 39:46 | roggan · wall_segment Stone Wall x8 |
| 39:53 | roggan · age_up imperial |
| 40:09 | Chris Becker · first_market_sell 100 food |
| 40:13 | roggan · wall_segment Stone Wall x10 |
| 40:23 | pray4u · tribute_sent a jugador 1 |
| 40:23 | pray4u · tribute_sent a jugador 2 |
| 40:23 | pray4u · tribute_sent a jugador 3 |
| 40:23 | pray4u · tribute_sent a jugador 4 |
| 40:23 | pray4u · tribute_sent a jugador 5 |
| 40:23 | pray4u · tribute_sent a jugador 6 |
| 40:23 | pray4u · tribute_sent a jugador 8 |
| 40:39 | roggan · wall_segment Stone Wall x8 |
| 40:58 | roggan · first_building Barracks |
| 41:19 | roggan · wall_segment Stone Wall x10 |
| 41:50 | roggan · wall_segment Stone Wall x8 |
| 42:36 | roggan · wall_segment Stone Wall x10 |
| 42:48 | roggan · first_building Siege Workshop |
| 42:52 | Wolliwup · first_building Archery Range |
| 43:02 | monster · first_building Castle |
| 43:42 | roggan · first_building Stable |
| 44:05 | roggan · wall_segment Stone Wall x10 |
| 46:43 | pray4u · tribute_sent a jugador 1 |
| 46:43 | pray4u · tribute_sent a jugador 2 |
| 46:43 | pray4u · tribute_sent a jugador 3 |
| 46:43 | pray4u · tribute_sent a jugador 4 |
| 46:43 | pray4u · tribute_sent a jugador 5 |
| 46:43 | pray4u · tribute_sent a jugador 6 |
| 46:43 | pray4u · tribute_sent a jugador 8 |
| 47:06 | Wolliwup · first_market_sell 100 wood |
| 48:43 | Teddy · resign |
[ AI ANALYSIS · 1 CREDIT ]
What really happened in this match?
Wolo.gg analyzes every decision: build order, eco, micro, common mistakes by bracket. Personalized analysis on WhatsApp or Discord in 30 seconds.
Civ guide
Franks
Perfil
Signal&Command to me=mute&report